SL
THUNDER BAY NORTHERN LIONS BC @ CHICAGO HAWKS
08/15/2023
 
TOP OF THE 1ST
Thunder Bay Northern Lions BC batting - Pitching for Chicago Hawks : RHP Benny York
Pitching: RHP Benny York
Batting: RHB Keith Fish 0-0: Called Strike
0-1: Ball
1-1: Swinging Strike
1-2: Fly out, F5 (Popup, 15)
Batting: LHB Pancho García 0-0: Fly out, F7 (Flyball, 7S)
Batting: SHB Carlos Rodríguez 0-0: Ball
1-0: Swinging Strike
1-1: Foul Ball, location: 2F
1-2: SINGLE (Groundball, 6MD)
Batting: RHB Robert O'Connor 0-0: Foul Ball, location: 2F
0-1: Ball
1-1: Ball
2-1: Ball
3-1: Fly out, F3 (Popup, 4)
Top of the 1st over - 0 run(s), 1 hit(s), 0 error(s), 1 left on base; Thunder Bay 0 - Chicago 0
BOTTOM OF THE 1ST
Chicago Hawks batting - Pitching for Thunder Bay Northern Lions BC : RHP Ramón Ortega
Pitching: RHP Ramón Ortega
Batting: RHB Ludwig Kluge 0-0: Ball
1-0: Called Strike
1-1: Called Strike
1-2: Strikes out swinging
Batting: LHB Alfonso Núñez 0-0: Ball
1-0: Foul Ball, location: 2F
1-1: Swinging Strike
1-2: Strikes out swinging
Batting: RHB Chandler Bailey 0-0: Ball
1-0: Foul Ball, location: 2F
1-1: Called Strike
1-2: Foul Ball, location: 2F
1-2: Ball
2-2: Foul Ball, location: 2F
2-2: Fly out, F8 (Flyball, 8LXD)
Bottom of the 1st over - 0 run(s), 0 hit(s), 0 error(s), 0 left on base; Thunder Bay 0 - Chicago 0
TOP OF THE 2ND
Thunder Bay Northern Lions BC batting - Pitching for Chicago Hawks : RHP Benny York
Batting: LHB John Brewer 0-0: Ball
1-0: Called Strike
1-1: Foul Ball, location: 2F
1-2: Ball
2-2: SOLO HOME RUN (Flyball, 9D), Distance : 350 ft
Batting: RHB Jonathan Cook 0-0: Called Strike
0-1: Ground out 5-3 (Groundball, 56S)
Batting: LHB Curtis Peters 0-0: Ball
1-0: Ball
2-0: Called Strike
2-1: Ground out 3-1 (Groundball, 34S)
Batting: RHB Ed Whitaker 0-0: Swinging Strike
0-1: Fly out, F8 (Flyball, 8LM)
Top of the 2nd over - 1 run(s), 1 hit(s), 0 error(s), 0 left on base; Thunder Bay 1 - Chicago 0
BOTTOM OF THE 2ND
Chicago Hawks batting - Pitching for Thunder Bay Northern Lions BC : RHP Ramón Ortega
Batting: RHB Chris Smith 0-0: Ball
1-0: Called Strike
1-1: Ground out 5-3 (Groundball, 56)
Batting: LHB Bill Griffin 0-0: Ball
1-0: Swinging Strike
1-1: Ball
2-1: Foul Ball, location: 2F
2-2: Ball
3-2: Strikes out swinging
Batting: RHB Yoshio Matsuo 0-0: Foul Ball, location: 2F
0-1: Foul Ball, location: 2F
0-2: Strikes out swinging
Bottom of the 2nd over - 0 run(s), 0 hit(s), 0 error(s), 0 left on base; Thunder Bay 1 - Chicago 0
TOP OF THE 3RD
Thunder Bay Northern Lions BC batting - Pitching for Chicago Hawks : RHP Benny York
Batting: SHB Arturo Robles 0-0: Called Strike
0-1: Ground out 4-3 (Groundball, 4)
Batting: RHB Keith Fish 0-0: Ball
1-0: Ground out 1-3 (Groundball, 15)
Batting: LHB Pancho García 0-0: Ball
1-0: Ball
2-0: Swinging Strike
2-1: Foul Ball, location: 2F
2-2: Ground out U3 (Groundball, 3S)
Top of the 3rd over - 0 run(s), 0 hit(s), 0 error(s), 0 left on base; Thunder Bay 1 - Chicago 0
BOTTOM OF THE 3RD
Chicago Hawks batting - Pitching for Thunder Bay Northern Lions BC : RHP Ramón Ortega
Batting: RHB Pedro Cruz 0-0: Called Strike
0-1: Swinging Strike
0-2: Ball
1-2: Ball
2-2: Strikes out swinging
Batting: LHB Johnny Hernández 0-0: Ball
1-0: Ball
2-0: Called Strike
2-1: Called Strike
2-2: Foul Ball, location: 2F
2-2: Strikes out looking
Batting: RHB Soseki Matsunaga 0-0: Ball
1-0: Foul Ball, location: 2F
1-1: SINGLE (Groundball, 56D)
Batting: RHB Ludwig Kluge 0-0: Ground out 6-3 (Groundball, 6)
Bottom of the 3rd over - 0 run(s), 1 hit(s), 0 error(s), 1 left on base; Thunder Bay 1 - Chicago 0
TOP OF THE 4TH
Thunder Bay Northern Lions BC batting - Pitching for Chicago Hawks : RHP Benny York
Batting: SHB Carlos Rodríguez 0-0: Called Strike
0-1: Ball
1-1: Ball
2-1: Foul Ball, location: 2F
2-2: Ball
3-2: Fly out, F7 (Flyball, 7D)
Batting: RHB Robert O'Connor 0-0: Foul Ball, location: 2F
0-1: Swinging Strike
0-2: Strikes out looking
Batting: LHB John Brewer 0-0: Foul Ball, location: 2F
0-1: Foul Ball, location: 2F
0-2: Ball
1-2: Foul Ball, location: 2F
1-2: Ball
2-2: Fly out, F8 (Flyball, 8RM)
Top of the 4th over - 0 run(s), 0 hit(s), 0 error(s), 0 left on base; Thunder Bay 1 - Chicago 0
BOTTOM OF THE 4TH
Chicago Hawks batting - Pitching for Thunder Bay Northern Lions BC : RHP Ramón Ortega
Batting: LHB Alfonso Núñez 0-0: Ball
1-0: Swinging Strike
1-1: Called Strike
1-2: SOLO HOME RUN (Flyball, 8RXD), Distance : 434 ft
Batting: RHB Chandler Bailey 0-0: Ball
1-0: Ball
2-0: Ball
3-0: Called Strike
3-1: Ground out 5-3 (Groundball, 56S)
Batting: RHB Chris Smith 0-0: Ball
1-0: Called Strike
1-1: Ball
2-1: SINGLE (Line Drive, 56)
Batting: LHB Bill Griffin 0-0: Ball
1-0: Foul Ball, location: 2F
1-1: Called Strike
1-2: SINGLE (Groundball, 4MD) (infield hit)
Chris Smith to second
Batting: RHB Yoshio Matsuo 0-0: Called Strike
0-1: Fielders Choice at 2nd, 1-6 (Groundball, 13S)
Chris Smith to third
Batting: RHB Pedro Cruz 0-0: Called Strike
0-1: Ball
1-1: Ball
2-1: Fly out, F7 (Flyball, 7LS)
Bottom of the 4th over - 1 run(s), 3 hit(s), 0 error(s), 2 left on base; Thunder Bay 1 - Chicago 1
TOP OF THE 5TH
Thunder Bay Northern Lions BC batting - Pitching for Chicago Hawks : RHP Benny York
Batting: RHB Jonathan Cook 0-0: Ball
1-0: Foul Ball, location: 2F
1-1: Foul Ball, location: 2F
1-2: Foul Ball, location: 2F
1-2: Foul Ball, location: 2F
1-2: Ground out 4-3 (Groundball, 4)
Batting: LHB Curtis Peters 0-0: Called Strike
0-1: Foul Ball, location: 2F
0-2: SOLO HOME RUN (Line Drive, 89XD), Distance : 389 ft
Batting: RHB Ed Whitaker 0-0: Ball
1-0: Ball
2-0: Called Strike
2-1: Ground out 4-3 (Groundball, 4M)
Batting: SHB Arturo Robles 0-0: SINGLE (Line Drive, 8LS)
Batting: RHB Keith Fish 0-0: Ball
1-0: Swinging Strike
1-1: Ball
2-1: Called Strike
2-2: Ground out 4-3 (Groundball, 4)
Top of the 5th over - 1 run(s), 2 hit(s), 0 error(s), 1 left on base; Thunder Bay 2 - Chicago 1
BOTTOM OF THE 5TH
Chicago Hawks batting - Pitching for Thunder Bay Northern Lions BC : RHP Ramón Ortega
Batting: LHB Johnny Hernández 0-0: Called Strike
0-1: DOUBLE (Flyball, 9D)
Batting: RHB Soseki Matsunaga 0-0: Foul Ball, location: 2F
0-1: Ball
1-1: Sac Bunt - play at first, batter OUT! 1-4
Johnny Hernández to third
Batting: RHB Ludwig Kluge 0-0: Ball
1-0: Ball
Wild Pitch!
Johnny Hernández scores
2-0: Called Strike
2-1: Ball
3-1: Fly out, F3 (Popup, 34S)
Batting: LHB Alfonso Núñez 0-0: Called Strike
0-1: Ball
1-1: Called Strike
1-2: Foul Ball, location: 2F
1-2: Strikes out swinging
Bottom of the 5th over - 1 run(s), 1 hit(s), 0 error(s), 0 left on base; Thunder Bay 2 - Chicago 2
TOP OF THE 6TH
Thunder Bay Northern Lions BC batting - Pitching for Chicago Hawks : RHP Benny York
Batting: LHB Pancho García 0-0: Ball
1-0: Ball
2-0: Ground out 4-3 (Groundball, 34)
Batting: SHB Carlos Rodríguez 0-0: Foul Ball, location: 2F
0-1: Ball
1-1: Ball
2-1: Fly out, F6 (Line Drive, 6)
Batting: RHB Robert O'Connor 0-0: Ball
1-0: Ground out 6-3 (Groundball, 6M)
Top of the 6th over - 0 run(s), 0 hit(s), 0 error(s), 0 left on base; Thunder Bay 2 - Chicago 2
BOTTOM OF THE 6TH
Chicago Hawks batting - Pitching for Thunder Bay Northern Lions BC : RHP Ramón Ortega
Batting: RHB Chandler Bailey 0-0: Ball
1-0: Ground out 4-3 (Groundball, 13)
Batting: RHB Chris Smith 0-0: Ball
1-0: Ball
2-0: Swinging Strike
2-1: Called Strike
2-2: Strikes out swinging
Batting: LHB Bill Griffin 0-0: Foul Ball, location: 2F
0-1: Ball
1-1: Ball
2-1: Ball
3-1: Foul Ball, location: 2F
3-2: Ground out 4-3 (Groundball, 4)
Bottom of the 6th over - 0 run(s), 0 hit(s), 0 error(s), 0 left on base; Thunder Bay 2 - Chicago 2
TOP OF THE 7TH
Thunder Bay Northern Lions BC batting - Pitching for Chicago Hawks : RHP Benny York
Batting: LHB John Brewer 0-0: Foul Ball, location: 2F
0-1: Ball
1-1: Fly out, F4 (Popup, 4MD)
Batting: RHB Jonathan Cook 0-0: Foul Ball, location: 2F
0-1: Fly out, F9 (Flyball, 9M)
Batting: LHB Curtis Peters 0-0: Ball
1-0: Called Strike
1-1: Foul Ball, location: 2F
1-2: Ball
2-2: Foul Ball, location: 2F
2-2: Foul Ball, location: 2F
2-2: Ball
3-2: Fly out, F7 (Flyball, 78S)
Top of the 7th over - 0 run(s), 0 hit(s), 0 error(s), 0 left on base; Thunder Bay 2 - Chicago 2
BOTTOM OF THE 7TH
Chicago Hawks batting - Pitching for Thunder Bay Northern Lions BC : RHP Ramón Ortega
Batting: RHB Yoshio Matsuo 0-0: Called Strike
0-1: Foul Ball, location: 2F
0-2: Ball
1-2: Ball
2-2: Ground out 5-3 (Groundball, 56S)
Batting: RHB Pedro Cruz 0-0: Ground out U3 (Groundball, 3L)
Batting: LHB Johnny Hernández 0-0: Called Strike
0-1: Swinging Strike
0-2: Foul Ball, location: 2F
0-2: Ball
1-2: Strikes out swinging
Bottom of the 7th over - 0 run(s), 0 hit(s), 0 error(s), 0 left on base; Thunder Bay 2 - Chicago 2
TOP OF THE 8TH
Thunder Bay Northern Lions BC batting - Pitching for Chicago Hawks : RHP Benny York
Batting: RHB Ed Whitaker 0-0: Called Strike
0-1: Ball
1-1: Ball
2-1: Called Strike
2-2: Strikes out swinging
Pinch Hitting: RHB Adrian Smith 0-0: Ball
1-0: Ball
2-0: SINGLE (Line Drive, 89S)
Batting: RHB Keith Fish 0-0: Ball
1-0: Fly out, F9 (Popup, 4D)
Batting: LHB Pancho García 0-0: Called Strike
0-1: Ball
1-1: Foul Ball, location: 2F
1-2: Ground out 4-3 (Groundball, 4)
Top of the 8th over - 0 run(s), 1 hit(s), 0 error(s), 1 left on base; Thunder Bay 2 - Chicago 2
BOTTOM OF THE 8TH
Chicago Hawks batting - Pitching for Thunder Bay Northern Lions BC : RHP Ramón Ortega
Now in LF: Raúl Valadez
Batting: RHB Soseki Matsunaga 0-0: Called Strike
0-1: Ball
1-1: Ball
2-1: Fly out, F3 (Popup, 34S)
Batting: RHB Ludwig Kluge 0-0: Foul Ball, location: 2F
0-1: Ball
1-1: Swinging Strike
1-2: Ball
2-2: DOUBLE (Line Drive, 8RD)
Batting: LHB Alfonso Núñez 0-0: Intentional Walk
Batting: RHB Chandler Bailey 0-0: Ball
1-0: Called Strike
1-1: Ball
2-1: Foul Ball, location: 2F
2-2: SINGLE (Groundball, 56)
Ludwig Kluge to third
Alfonso Núñez to second
Runner from 3rd tries for Home, SAFE, no throw or cutoff
Pitching: LHP Mhelter Vitor
Batting: RHB Chris Smith 0-0: Ball
1-0: Called Strike
1-1: Ball
2-1: Called Strike
2-2: Ball
3-2: Base on Balls
Alfonso Núñez to third
Chandler Bailey to second
Batting: LHB Bill Griffin 0-0: Fly out, F6 (Line Drive, 6M)
Batting: RHB Yoshio Matsuo 0-0: Foul Ball, location: 2F
0-1: Swinging Strike
0-2: Ball
1-2: Foul Ball, location: 2F
1-2: Fly out, F8 (Flyball, 89D)
Bottom of the 8th over - 1 run(s), 2 hit(s), 0 error(s), 3 left on base; Thunder Bay 2 - Chicago 3
TOP OF THE 9TH
Thunder Bay Northern Lions BC batting - Pitching for Chicago Hawks : RHP Benny York
Now in LF: Vern Forrest
Batting: SHB Carlos Rodríguez 0-0: Called Strike
0-1: Foul Ball, location: 2F
0-2: Strikes out swinging
Batting: RHB Robert O'Connor 0-0: Called Strike
0-1: Swinging Strike
0-2: Strikes out swinging
Batting: LHB John Brewer 0-0: Ball
1-0: Swinging Strike
1-1: Ball
2-1: Called Strike
2-2: Ball
3-2: SINGLE (Line Drive, 6MD)
Pitching: LHP Arnaldo Bodabalho
Batting: RHB Jonathan Cook 0-0: Fly out, F8 (Flyball, 8RS)
Top of the 9th over - 0 run(s), 1 hit(s), 0 error(s), 1 left on base; Thunder Bay 2 - Chicago 3
This league is powered by Out of the Park Baseball, the baseball management simulation game for PC, Mac and Linux
Friday, July 8th, 2016 - OOTP Baseball 16.9 Build 39